 Dungeon Sprint DCSS version 0.31-a0-833-gc15d34cb79 (webtiles) character file.

Game seed: 17459294322662837640

37070 sircluck the Brawler (level 12, -30/146 HPs)
             Began as a Troll Berserker on Sept 25, 2023.
             Was the Champion of Trog.
             Killed from afar by an ice dragon (54 damage)
             ... with a blast of cold
             ... in the Dungeon (Sprint III: "The Ten Rune Challenge").
             The game lasted 00:06:43 (1913 turns).

sircluck the Brawler (Troll Berserker)              Turns: 1913, Time: 00:06:43

Health: -30/146    AC:  4    Str: 35    XL:     12   Next: 77%
Magic:  11/11      EV: 16    Int:  1    God:    Trog [******]
Gold:   41         SH:  0    Dex: 12    Spells: 11/11 levels left

rFire   . .          .
                       - Unarmed
rCold   . . .        (no shield)
rNeg    . . .        a - +0 animal skin
rPois   .            r - +0 hat {Will+}
rElec   .            (no cloak)
rCorr   .            (gloves unavailable)
SInv    .            (boots unavailable)
Will    +....        (no amulet)
Stlth   +            (no ring)
HPRegen 1.24/turn    (no ring)
MPRegen 0.12/turn

%: no teleportation
@: on berserk cooldown, slowed, very slow
A: large, unfitting armour, claws 3, regeneration 1, shaggy fur 1, tough skin 1,
horns 1, agile 1, strong 1
}: 1/10 runes: serpentine
a: Renounce Religion, Berserk, Trog's Hand, Brothers in Arms


You were in the Dungeon.
You worshipped Trog.
Trog was exalted by your worship.
You visited 1 branch You collected 41 gold pieces.

Inventory:

Missiles
 s - 4 javelins
Armour
 a - a +0 animal skin (worn)
 r - a +0 hat of willpower (worn)
Wands
 m - a wand of acid (14)
Scrolls
 g - a scroll of blinking
 i - 2 scrolls of torment {unknown}
 j - 3 scrolls of identify
 o - a scroll of amnesia {unknown}
Potions
 b - 4 potions of curing
 c - a potion of heal wounds
 d - a potion of haste
 e - 2 potions of magic
 f - a potion of berserk rage
 h - a potion of mutation
 k - 3 potions of enlightenment
 l - 2 potions of attraction {unknown}
 p - a potion of resistance {unknown}
 q - a potion of ambrosia {unknown}
Miscellaneous
 n - a condenser vane


   Skills:
 + Level 16.9 Fighting
 + Level 16.7 Dodging
 + Level 19.6 Unarmed Combat


You had 11 spell levels left.
You didn't know any spells.
Your spell library was empty.

Dungeon Overview and Level Annotations

Branches:
Dungeon (1/1)

Altars:
Cheibriados
Dithmenos
Elyvilon
Fedhas
Gozag
Hepliaklqana
Kikubaaqudgha
Makhleb
Nemelex Xobeh
Okawaru
Qazlal
Ru
Sif Muna
Trog
Uskayaw
Vehumet
Wu Jian
Xom
Yredelemnul
Zin
The Shining One
Jiyva
Lugonu

Shops:
D [!==(?

Annotations:
D exclusion: 2 doors


Innate Abilities, Weirdness & Mutations

You are too large for most types of armour.
You have claws for hands.
Your natural rate of healing is unusually fast.
You are covered in fur. (AC +1)
You have tough skin. (AC +1)
You have a pair of small horns on your head.
You are agile. (Dex +4, Str/Int -1)
Your muscles are strong. (Str +4, Int/Dex -1)


Message History

You hold your ground!
You mangle the ice dragon!!
You kill the ice dragon!
Trog accepts your kill.
You see here an ice dragon corpse.
You start resting.
An ice dragon comes into view.
A red film seems to cover your vision as you go berserk!
You feel yourself moving faster!
You feel mighty!
You feel a strong urge to attack something.
You feel your anger nearly subside.
You see here an ice dragon corpse.
You are no longer berserk.
You are exhausted.
You feel yourself slow down. The ice dragon barely misses you.
The ice dragon claws you!
The ice dragon tramples you but does no damage.
You see here a +3 short sword of flaming.
You closely miss the ice dragon.
You headbutt the ice dragon, but do no damage.
The ice dragon barely misses you. The ice dragon claws you.
The ice dragon completely misses you.
You eviscerate the ice dragon!!!
You headbutt the ice dragon, but do no damage.
You claw the ice dragon!!!
The ice dragon is almost dead.
The ice dragon breathes frost at you. The blast of cold hits you!!
* * * LOW HITPOINT WARNING * * *
The ice dragon attacks as it pursues you!
The ice dragon bites you!
* * * LOW HITPOINT WARNING * * *
The ice dragon misses you. The ice dragon closely misses you.
You see here an ice dragon corpse.
You scratch the ice dragon but do no damage.
Your headbutt misses the ice dragon.
The ice dragon is almost dead.
The ice dragon breathes frost at you. The blast of cold hits you!!!
You die...

..♣
♣..#)##...#~~......☼
###♣♣
♣♣.##.##.)#≈..+####
....♣ ♣♣.##.#####...#
....♣ ♣.....##......#
÷#############'######
.)÷........###.♣♣
..÷.........##♣~♣
##########÷÷# ♣.♣♣
#........÷..# ♣♣@♣
...........## ♣D♣♣
.†########## ♣.♣♣
..)†.......## ♣..♣
#.†.........# ♣♣.♣♣
##########..# ♣♣.♣
#........)).# ♣..♣
∩.........)##
♣.~..°..°..
∩.###########
♣.~...D°~..


You could see an ice dragon (catching breath).

Vanquished Creatures
  Rupert (D)
  Gastronok (D)
  2 hydras (D)
  2 ice dragons (D)
  Erolcha (D)
  4 anacondas (D)
  A death yak (D)
  Urug (D)
  A death drake (D)
  A lindwurm (D)
  A deep elf pyromancer (D)
  An elephant (D)
  4 black mambas (D)
  A guardian serpent (D)
  2 cane toads (D)
  A rime drake (D)
  A komodo dragon (D)
  2 tyrant leeches (D)
  5 blink frogs (D)
  A shadow (D)
  3 wandering mushrooms (D)
  A spatial vortex (D)
  5 redbacks (D)
  2 water moccasins (D)
  A swamp drake (D)
  5 two-headed ogres (D)
  A necrophage (D)
  A water elemental (D)
  An electric eel (D)
  A jelly (D)
  Jessica (D)
  A necromancer (D)
  A wizard (D)
  3 humans (D)
  A kobold demonologist (D)
  A wolf (D)
  6 adders (D)
  2 swamp drake simulacra (D)
  3 rats (D)
74 creatures vanquished.

Vanquished Creatures (collateral kills)
  A nagaraja (D)
  2 dire elephants (D)
  3 death yaks (D)
  A naga warrior (D)
  An elephant (D)
  2 black mambas (D)
  3 blink frogs (D)
  2 nagas (D)
  A water moccasin (D)
16 creatures vanquished.

Grand Total: 90 creatures vanquished

Notes
Turn   | Place    | Note
-------+----------+-------------------------------------------
     0 | D        | sircluck the Troll Berserker began the quest for the Orb.
     0 | D        | Reached XP level 1. HP: 22/22 MP: 0/0
    27 | D        | Reached ** piety under Trog
    29 | D        | Noticed Jessica
    33 | D        | Killed Jessica
    34 | D        | Reached skill level 4 in Unarmed Combat
    34 | D        | Reached XP level 2. HP: 24/32 MP: 1/1
    75 | D        | Reached XP level 3. HP: 39/39 MP: 2/2
   189 | D        | Reached *** piety under Trog
   190 | D        | Reached skill level 5 in Unarmed Combat
   209 | D        | Gained mutation: You are somewhat resistant to further
                  | mutation. [potion of mutation]
   209 | D        | Gained mutation: You passively map a small area around you.
                  | [potion of mutation]
   210 | D        | Lost mutation: You are somewhat resistant to further
                  | mutation. [potion of mutation]
   210 | D        | Lost mutation: You passively map a small area around you.
                  | [potion of mutation]
   210 | D        | Gained mutation: You are frail. (-10% HP) [potion of
                  | mutation]
   211 | D        | Lost mutation: You are frail. (-10% HP) [potion of
                  | mutation]
   211 | D        | Gained mutation: Your muscles are strong. (Str +4, Int/Dex
                  | -1) [potion of mutation]
   211 | D        | Gained mutation: You have a pair of small horns on your
                  | head. [potion of mutation]
   211 | D        | Gained mutation: You are agile. (Dex +4, Str/Int -1)
                  | [potion of mutation]
   219 | D        | Noticed a water elemental
   222 | D        | Killed a water elemental
   223 | D        | Reached skill level 5 in Fighting
   223 | D        | Reached skill level 5 in Dodging
   223 | D        | Reached skill level 6 in Unarmed Combat
   223 | D        | Reached XP level 4. HP: 50/50 MP: 3/3
   368 | D        | Found a radiant altar of Vehumet.
   368 | D        | Found a shimmering blue altar of Sif Muna.
   368 | D        | Found an ancient bone altar of Kikubaaqudgha.
   368 | D        | Noticed a wizard
   370 | D        | Killed a wizard
   371 | D        | Reached XP level 5. HP: 38/57 MP: 4/4
   377 | D        | Reached **** piety under Trog
   403 | D        | Found a glowing silver altar of Zin.
   403 | D        | Found a glowing golden altar of the Shining One.
   403 | D        | Found a white marble altar of Elyvilon.
   403 | D        | Noticed a deep elf pyromancer
   410 | D        | Killed a deep elf pyromancer
   411 | D        | Reached skill level 9 in Unarmed Combat
   411 | D        | Reached XP level 6. HP: 21/72 MP: 5/5
   411 | D        | Reached XP level 7. HP: 23/79 MP: 6/6
   466 | D        | Found a hide-covered altar of Uskayaw.
   466 | D        | Found an iron altar of Okawaru.
   466 | D        | Found a bloodstained altar of Trog.
   466 | D        | Found an ornate altar of the Wu Jian Council.
   466 | D        | Noticed a human
   466 | D        | Noticed a human
   471 | D        | Killed a human
   476 | D        | Killed a human
   477 | D        | Reached skill level 10 in Unarmed Combat
   499 | D        | Found a basalt altar of Yredelemnul.
   499 | D        | Found a shadowy altar of Dithmenos.
   499 | D        | Found a sacrificial altar of Ru.
   505 | D        | Reached ***** piety under Trog
   513 | D        | Noticed a shadow
   516 | D        | Killed a shadow
   517 | D        | Reached XP level 8. HP: 84/92 MP: 7/7
   546 | D        | Received a gift from Trog
   547 | D        | Reached skill level 11 in Unarmed Combat
   552 | D        | Found a blossoming altar of Fedhas.
   552 | D        | Found a stormy altar of Qazlal.
   552 | D        | Found a snail-covered altar of Cheibriados.
   552 | D        | Found a burning altar of Makhleb.
   552 | D        | Found a shimmering altar of Xom.
   553 | D        | Found a hazy altar of Hepliaklqana.
   553 | D        | Found an opulent altar of Gozag.
   553 | D        | Found a sparkling altar of Nemelex Xobeh.
   553 | D        | Found a corrupted altar of Lugonu.
   553 | D        | Found a viscous altar of Jiyva.
   600 | D        | Noticed a two-headed ogre
   605 | D        | Killed a two-headed ogre
   606 | D        | Reached skill level 10 in Fighting
   641 | D        | Noticed Erolcha
   641 | D        | Noticed a two-headed ogre
   646 | D        | Killed Erolcha
   647 | D        | Reached skill level 10 in Dodging
   647 | D        | Reached skill level 12 in Unarmed Combat
   647 | D        | Reached XP level 9. HP: 94/102 MP: 8/8
   650 | D        | Killed a two-headed ogre
   655 | D        | Received a gift from Trog
   660 | D        | Reached ****** piety under Trog
   661 | D        | Reached skill level 13 in Unarmed Combat
   700 | D        | Noticed a wandering mushroom
   705 | D        | Noticed a wandering mushroom
   707 | D        | Noticed a wandering mushroom
   733 | D        | Killed a wandering mushroom
   746 | D        | Noticed a cane toad
   746 | D        | Noticed a komodo dragon
   746 | D        | Noticed a cane toad
   749 | D        | Killed a cane toad
   751 | D        | Killed a cane toad
   752 | D        | Reached XP level 10. HP: 113/115 MP: 9/9
   756 | D        | Reached skill level 14 in Unarmed Combat
   768 | D        | Identified the +7 quarterstaff of War {heavy, rPois rF+}
                  | (Trog gifted it to you in the Dungeon)
   768 | D        | Received a gift from Trog
   836 | D        | Noticed an elephant
   838 | D        | Noticed an elephant
   838 | D        | Noticed a dire elephant
   838 | D        | Noticed a dire elephant
   838 | D        | Noticed Gastronok
   839 | D        | Killed an elephant
   841 | D        | Killed a dire elephant
   841 | D        | Received a gift from Trog
   842 | D        | Reached skill level 15 in Unarmed Combat
   847 | D        | Killed a dire elephant
   852 | D        | Killed Gastronok
   853 | D        | Reached XP level 11. HP: 99/128 MP: 10/10
   855 | D        | Reached skill level 16 in Unarmed Combat
   861 | D        | Noticed an azure jelly
   861 | D        | Noticed an azure jelly
   861 | D        | Noticed an azure jelly
   862 | D        | Noticed an azure jelly
   864 | D        | Noticed Rupert
   884 | D        | Killed Rupert
   931 | D        | Noticed a death yak
   932 | D        | Noticed a death yak
   939 | D        | Noticed a death yak
   941 | D        | Noticed a death yak
   943 | D        | Killed a death yak
   946 | D        | Killed a death yak
   947 | D        | Killed a death yak
   949 | D        | Killed a death yak
   950 | D        | Reached skill level 17 in Unarmed Combat
   951 | D        | Received a gift from Trog
   959 | D        | Reached skill level 15 in Fighting
   999 | D        | Noticed an anaconda
  1004 | D        | Killed an anaconda
  1011 | D        | Received a gift from Trog
  1015 | D        | Reached skill level 15 in Dodging
  1045 | D        | Noticed an anaconda
  1045 | D        | Noticed an anaconda
  1050 | D        | Killed an anaconda
  1051 | D        | Killed an anaconda
  1052 | D        | Reached XP level 12. HP: 89/143 MP: 11/11
  1055 | D        | Noticed an anaconda
  1060 | D        | Killed an anaconda
  1061 | D        | Reached skill level 18 in Unarmed Combat
  1184 | D        | Received a gift from Trog
  1200 | D        | Noticed a naga warrior
  1200 | D        | Noticed a nagaraja
  1214 | D        | Killed a nagaraja
  1220 | D        | Killed a naga warrior
  1227 | D        | Found Disyhafew's Antique Armour Boutique.
  1227 | D        | Found Seudwiso's Distillery.
  1229 | D        | Found Joest's Jewellery Shop.
  1260 | D        | Got a serpentine rune of Zot
  1422 | D        | Received a gift from Trog
  1429 | D        | Reached skill level 19 in Unarmed Combat
  1429 | D        | Noticed Urug
  1436 | D        | Killed Urug
  1491 | D        | Noticed an eight-headed hydra
  1491 | D        | Noticed an eight-headed hydra
  1505 | D        | Killed an 11-headed hydra
  1508 | D        | Killed a ten-headed hydra
  1591 | D        | Received a gift from Trog
  1706 | D        | Found Efodghuib's Jewellery Emporium.
  1706 | D        | Found Foukkid's Antique Weapon Shop.
  1706 | D        | Found Rocippema's Magic Scroll Shoppe.
  1706 | D        | Noticed an ice dragon
  1724 | D        | Killed an ice dragon
  1731 | D        | Noticed an ice dragon
  1881 | D        | Killed an ice dragon
  1903 | D        | Noticed an ice dragon
  1913 | D        | Killed from afar by an ice dragon

Illustrated notes

Levels and vault maps discovered:
D:        dungeon_sprint_mu [sprint_mu_entry_cave, sprint_mu_temple_rooms,
          sprint_mu_d1_spiders, sprint_mu_d2_genie, sprint_mu_d3_branching,
          sprint_mu_orc_legion, sprint_mu_elf_gauntlet, sprint_mu_hive_nellie,
          sprint_mu_lair_fedhas, sprint_mu_vaults_butterflies,
          sprint_mu_slime_circle, sprint_mu_swamp_cave, sprint_mu_snake_twists,
          sprint_mu_blade_basic, sprint_mu_crypt_lich, sprint_mu_tomb_spiral,
          sprint_mu_vestibule_basic, sprint_mu_gehenna_hellfire,
          sprint_mu_dis_giant, sprint_mu_tartarus_statrot,
          sprint_mu_cocytus_islands, sprint_mu_zot1]

Skill      XL: |  1  2  3  4  5  6  7  8  9 10 11 12 |
---------------+-------------------------------------+-----
Fighting       | 3 4 5 7 9 10 11 13 15 16 | 16.9
Dodging        | 3 4 5 7 9 10 11 13 15 16 | 16.7
Unarmed Combat | 4 6 9 10 12 13 15 17 19 | 19.6

Action                     |  1- 3 |  4- 6 |  7- 9 | 10-12 || total
---------------------------+-------+-------+-------+-------++-------
  Melee: Unarmed           |    19 |    14 |    66 |   125 ||   224
         Headbutt          |     1 |     2 |    15 |    32 ||    50
         Punch             |       |       |     5 |    20 ||    25
 Invoke: Berserk           |     1 |       |       |     6 ||     7
         Brothers in Arms  |       |       |       |     5 ||     5
    Use: Potion            |     3 |       |       |       ||     3
   Stab: Sleeping          |       |       |       |     1 ||     1
 Armour: Animal skin       |     9 |    15 |    22 |    82 ||   128
  Dodge: Dodged            |     7 |     9 |    33 |    66 ||   115

Table legend: (Time is in decaauts)
 A = Elapsed time spent in this place.
 B = Non-inter-level travel time spent in this place.
 C = Inter-level travel time spent in this place.
 D = Time resting spent in this place.
 E = Time spent auto-exploring this place.
 F = Levels seen in this place.
 G = Mean time per level.
                   A        B        C        D        E       F      G
               +--------+--------+--------+--------+--------+-----+--------+
         Total |   1931 |   1830 |    101 |    904 |    255 |   1 | 1931.0 |
       Dungeon |   1931 |   1830 |    101 |    904 |    255 |   1 | 1931.0 |
               +--------+--------+--------+--------+--------+-----+--------+

Top non-repeatable levels by time:
       D: 1931 daAuts
